TOP OF THE 1ST |
University of Arizona Wildcats batting - Pitching for University of Toronto Marlies : RHP Tom Moore
|
Pitching: RHP Tom Moore
|
|
Batting: RHB Andy Garvin
|
0-0: Fly out, F9 (Flyball, 9D, EV 91.9 MPH)
|
Batting: RHB Kevin Steed
|
0-0: Swinging Strike 0-1: Ball 1-1: Swinging Strike 1-2: Ball 2-2: Foul Ball, location: 2F 2-2: Ball 3-2: SINGLE (Line Drive, 6MD, EV 106.2 MPH)
|
Batting: RHB Andy Bachman
|
0-0: Ball 1-0: Called Strike 1-1: Foul Ball, location: 2F 1-2: Ball 2-2: Ball 3-2: Fly out, F9 (Line Drive, 9D, EV 91.2 MPH)
|
Batting: RHB Carlos Teniente
|
0-0: Fly out, F9 (Flyball, 9, EV 87.5 MPH)
|
Top of the 1st over - 0 runs, 1 hit, 0 errors, 1 left on base; University of Arizona 0 - University of Toronto 0 |
BOTTOM OF THE 1ST |
University of Toronto Marlies batting - Pitching for University of Arizona Wildcats : RHP Cody Humphries
|
Pitching: RHP Cody Humphries
|
|
Batting: RHB Rich Thurman
|
0-0: Called Strike 0-1: Ball 1-1: Foul Ball, location: 2F 1-2: Ground out 6-3 (Groundball, 6M, EV 88.1 MPH)
|
Batting: RHB Leo Gutierrez
|
0-0: DOUBLE (Line Drive, 89M, EV 98.1 MPH)
|
Batting: RHB Elijah Hunter
|
0-0: Ball 1-0: Swinging Strike 1-1: Foul Ball, location: 2F 1-2: Strikes out swinging
|
Batting: LHB Jonathan Roman
|
0-0: Ball 1-0: Ball 2-0: Ball 3-0: Called Strike 3-1: Foul Ball, location: 2F 3-2: Foul Ball, location: 2F 3-2: Fly out, F7 (Flyball, 7S, EV 73.1 MPH)
|
Bottom of the 1st over - 0 runs, 1 hit, 0 errors, 1 left on base; University of Arizona 0 - University of Toronto 0 |
TOP OF THE 2ND |
University of Arizona Wildcats batting - Pitching for University of Toronto Marlies : RHP Tom Moore
|
Batting: RHB Allen Deschamps
|
0-0: Swinging Strike 0-1: Foul Ball, location: 2F 0-2: Strikes out swinging
|
Batting: RHB Miguel Villanueva
|
0-0: Called Strike 0-1: Foul Ball, location: 2F 0-2: Foul Ball, location: 2F 0-2: Ball 1-2: Ball 2-2: Foul Ball, location: 2F 2-2: Foul Ball, location: 2F 2-2: Ball 3-2: Foul Ball, location: 2F 3-2: Foul Ball, location: 2F 3-2: Base on Balls
|
Batting: RHB Costantino Dolfini
|
0-0: Foul Ball, location: 2F 0-1: Ball 1-1: SINGLE (Groundball, 6M, EV 105.0 MPH) (infield hit) Miguel Villanueva to second
|
Batting: SHB Greg Rivera
|
0-0: Ball 1-0: Ball 2-0: SINGLE (Groundball, 4MD, EV 108.1 MPH) Miguel Villanueva to third Costantino Dolfini to second Runner from 3rd tries for Home, SAFE, throw by CF to home
|
Batting: RHB Leo Villa
|
0-0: Called Strike 0-1: Grounds into double play, 4-6-3 (Groundball, 4S, EV 86.9 MPH)
|
Top of the 2nd over - 1 run, 2 hits, 0 errors, 1 left on base; University of Arizona 1 - University of Toronto 0 |
BOTTOM OF THE 2ND |
University of Toronto Marlies batting - Pitching for University of Arizona Wildcats : RHP Cody Humphries
|
Batting: LHB Marshall Daul
|
0-0: Fly out, F7 (Flyball, 7LD, EV 105.6 MPH)
|
Batting: RHB Dan Allred
|
0-0: Foul Ball, location: 2F 0-1: Ball 1-1: Swinging Strike 1-2: Strikes out looking
|
Batting: RHB Nate Henderson
|
0-0: Ball 1-0: Called Strike 1-1: Ball 2-1: Ball 3-1: Called Strike 3-2: DOUBLE (Flyball, 8LXD, EV 100.0 MPH)
|
Batting: LHB Fernão Manta
|
0-0: Called Strike 0-1: Called Strike 0-2: Foul Ball, location: 2F 0-2: Ball 1-2: Ground out 4-3 (Groundball, 4, EV 90.0 MPH)
|
Bottom of the 2nd over - 0 runs, 1 hit, 0 errors, 1 left on base; University of Arizona 1 - University of Toronto 0 |
TOP OF THE 3RD |
University of Arizona Wildcats batting - Pitching for University of Toronto Marlies : RHP Tom Moore
|
Batting: RHB Andy Garvin
|
0-0: SINGLE (Groundball, 6MD, EV 111.9 MPH)
|
Batting: RHB Kevin Steed
|
0-0: Called Strike 0-1: Ball 1-1: Foul Ball, location: 2F 1-2: Ball 2-2: SINGLE (Flyball, 89S, EV 89.4 MPH) Andy Garvin to second Runner from 2nd tries for 3rd, SAFE, throw by RF made to third
|
Batting: RHB Andy Bachman
|
0-0: Swinging Strike 0-1: SINGLE (Flyball, 6D, EV 90.0 MPH) Andy Garvin scores Kevin Steed to second
|
Batting: RHB Carlos Teniente
|
0-0: Ball 1-0: Foul Ball, location: 2F 1-1: Swinging Strike 1-2: Ball 2-2: Fly out, F8 (Flyball, 78D, EV 97.5 MPH)
|
Batting: RHB Allen Deschamps
|
0-0: Called Strike 0-1: Called Strike 0-2: Ball 1-2: Ball 2-2: Ball 3-2: Strikes out looking
|
Batting: RHB Miguel Villanueva
|
0-0: Swinging Strike 0-1: Ball 1-1: Ball 2-1: Called Strike 2-2: Foul Ball, location: 2F 2-2: Foul Ball, location: 2F 2-2: Foul Ball, location: 2F 2-2: Strikes out swinging
|
Top of the 3rd over - 1 run, 3 hits, 0 errors, 2 left on base; University of Arizona 2 - University of Toronto 0 |
BOTTOM OF THE 3RD |
University of Toronto Marlies batting - Pitching for University of Arizona Wildcats : RHP Cody Humphries
|
Batting: RHB Mohammed bin Ubaida
|
0-0: SINGLE (Line Drive, 9LS, EV 103.8 MPH)
|
Batting: RHB Rich Thurman
|
0-0: Ball 1-0: Called Strike 1-1: Ball 2-1: Ball 3-1: Foul Ball, location: 2F 3-2: SINGLE (Groundball, 6D, EV 98.1 MPH) Mohammed bin Ubaida to second Mohammed bin Ubaida to third
|
Batting: RHB Leo Gutierrez
|
0-0: Foul Ball, location: 2F 0-1: Foul Ball, location: 2F 0-2: Ball 1-2: Strikes out swinging
|
Batting: RHB Elijah Hunter
|
0-0: Ball 1-0: Ball 2-0: Ball 3-0: Called Strike 3-1: Foul Ball, location: 2F 3-2: Foul Ball, location: 2F 3-2: Base on Balls Rich Thurman to second
|
Batting: LHB Jonathan Roman
|
0-0: Foul Ball, location: 2F 0-1: Ground out 4-3 (Groundball, 34D, EV 101.2 MPH) Mohammed bin Ubaida scores Rich Thurman to third Elijah Hunter to second
|
Batting: LHB Marshall Daul
|
0-0: Called Strike 0-1: Ball 1-1: Ball 2-1: Called Strike 2-2: Foul Ball, location: 2F 2-2: Ball 3-2: Fly out, F9 (Line Drive, 9, EV 92.5 MPH)
|
Bottom of the 3rd over - 1 run, 2 hits, 0 errors, 2 left on base; University of Arizona 2 - University of Toronto 1 |
TOP OF THE 4TH |
University of Arizona Wildcats batting - Pitching for University of Toronto Marlies : RHP Tom Moore
|
Batting: RHB Costantino Dolfini
|
0-0: Called Strike 0-1: Ball 1-1: Ball 2-1: Ball 3-1: Ground out 4-3 (Groundball, 4M, EV 96.9 MPH)
|
Batting: SHB Greg Rivera
|
0-0: Fly out, F8 (Line Drive, 8RM, EV 91.9 MPH)
|
Batting: RHB Leo Villa
|
0-0: Ball 1-0: Ball 2-0: Ball 3-0: Called Strike 3-1: Swinging Strike 3-2: Base on Balls
|
Pitching: RHP Chris Bryant
|
|
Batting: RHB Andy Garvin
|
0-0: Ball 1-0: Fly out, F9 (Flyball, 9S, EV 80.0 MPH)
|
Top of the 4th over - 0 runs, 0 hits, 0 errors, 1 left on base; University of Arizona 2 - University of Toronto 1 |
BOTTOM OF THE 4TH |
University of Toronto Marlies batting - Pitching for University of Arizona Wildcats : RHP Cody Humphries
|
Batting: RHB Dan Allred
|
0-0: Ball 1-0: Foul Ball, location: 2F 1-1: Ground out 3-1 (Groundball, 34S, EV 83.8 MPH)
|
Batting: RHB Nate Henderson
|
0-0: Foul Ball, location: 2F 0-1: Ground out 1-3 (Groundball, 15, EV 70.0 MPH)
|
Batting: LHB Fernão Manta
|
0-0: Called Strike 0-1: Ball 1-1: Swinging Strike 1-2: Foul Ball, location: 2F 1-2: Foul Ball, location: 2F 1-2: Foul Ball, location: 2F 1-2: Ball 2-2: Strikes out swinging
|
Bottom of the 4th over - 0 runs, 0 hits, 0 errors, 0 left on base; University of Arizona 2 - University of Toronto 1 |
TOP OF THE 5TH |
University of Arizona Wildcats batting - Pitching for University of Toronto Marlies : RHP Chris Bryant
|
Batting: RHB Kevin Steed
|
0-0: Ball 1-0: Swinging Strike 1-1: Ball 2-1: Foul Ball, location: 2F 2-2: SINGLE (Groundball, 34D, EV 101.9 MPH)
|
Batting: RHB Andy Bachman
|
0-0: Ball 1-0: Foul Ball, location: 2F 1-1: Called Strike 1-2: Strikes out swinging
|
Batting: RHB Carlos Teniente
|
0-0: Fly out, F9 (Line Drive, 9, EV 94.4 MPH)
|
Batting: RHB Allen Deschamps
|
0-0: Ball 1-0: Ball 2-0: Called Strike 2-1: Called Strike 2-2: SINGLE (Line Drive, 8LS, EV 98.8 MPH) Kevin Steed to second Runner from 2nd tries for 3rd, SAFE, no throw by CF
|
Batting: RHB Miguel Villanueva
|
0-0: Foul Ball, location: 2F 0-1: Fly out, F3 (Popup, 3S, EV 78.1 MPH)
|
Top of the 5th over - 0 runs, 2 hits, 0 errors, 2 left on base; University of Arizona 2 - University of Toronto 1 |
BOTTOM OF THE 5TH |
University of Toronto Marlies batting - Pitching for University of Arizona Wildcats : RHP Cody Humphries
|
Batting: RHB Mohammed bin Ubaida
|
0-0: Foul Ball, location: 2F 0-1: Ball 1-1: Fly out, F8 (Flyball, 8LM, EV 86.9 MPH)
|
Pitching: RHP Yoshimatsu Sugimoto
|
|
Batting: RHB Rich Thurman
|
0-0: Called Strike 0-1: Ball 1-1: Ball 2-1: Swinging Strike 2-2: Ground out 1-3 (Groundball, 34S, EV 72.5 MPH)
|
Batting: RHB Leo Gutierrez
|
0-0: Ball 1-0: Ball 2-0: Ball 3-0: Called Strike 3-1: Base on Balls
|
Batting: RHB Elijah Hunter
|
0-0: Ball 1-0: Ball 2-0: Called Strike 2-1: Ground out 6-3 (Groundball, 4M, EV 103.8 MPH)
|
Bottom of the 5th over - 0 runs, 0 hits, 0 errors, 1 left on base; University of Arizona 2 - University of Toronto 1 |
TOP OF THE 6TH |
University of Arizona Wildcats batting - Pitching for University of Toronto Marlies : RHP Chris Bryant
|
Batting: RHB Costantino Dolfini
|
0-0: Ball 1-0: Ball 2-0: Fly out, F8 (Flyball, 78XD, EV 94.4 MPH)
|
Batting: SHB Greg Rivera
|
0-0: Called Strike 0-1: Ball 1-1: Ball 2-1: Ball 3-1: Called Strike 3-2: SINGLE (Line Drive, 78M, EV 93.8 MPH)
|
Batting: RHB Leo Villa
|
0-0: Called Strike 0-1: Called Strike 0-2: Grounds into double play, 4-6-3 (Groundball, 4, EV 85.0 MPH)
|
Top of the 6th over - 0 runs, 1 hit, 0 errors, 0 left on base; University of Arizona 2 - University of Toronto 1 |
BOTTOM OF THE 6TH |
University of Toronto Marlies batting - Pitching for University of Arizona Wildcats : RHP Yoshimatsu Sugimoto
|
Batting: LHB Jonathan Roman
|
0-0: Ball 1-0: Ground out 4-3 (Groundball, 4, EV 86.2 MPH)
|
Batting: LHB Marshall Daul
|
0-0: Ball 1-0: Ball 2-0: Ball 3-0: Called Strike 3-1: Base on Balls
|
Batting: RHB Dan Allred
|
0-0: Ball Marshall Daul steals 2nd base 1-0: Ball 2-0: Called Strike 2-1: Fly out, F8 (Flyball, 89M, EV 78.8 MPH) Runner from 2nd tags up, SAFE at 3rd with throw by CF
|
Batting: RHB Nate Henderson
|
0-0: Called Strike 0-1: Foul Ball, location: 2F 0-2: Foul Ball, location: 2F 0-2: Ball 1-2: Ball 2-2: Ball 3-2: Foul Ball, location: 2F 3-2: Foul Ball, location: 2F 3-2: Fly out, F8 (Flyball, 8RXD, EV 83.1 MPH)
|
Bottom of the 6th over - 0 runs, 0 hits, 0 errors, 1 left on base; University of Arizona 2 - University of Toronto 1 |
TOP OF THE 7TH |
University of Arizona Wildcats batting - Pitching for University of Toronto Marlies : RHP Chris Bryant
|
Batting: RHB Andy Garvin
|
0-0: Foul Ball, location: 2F 0-1: SINGLE (Flyball, 3D, EV 97.5 MPH)
|
Batting: RHB Kevin Steed
|
0-0: Ball 1-0: Called Strike 1-1: Ball 2-1: Ball 3-1: Foul Ball, location: 2F 3-2: Ground out U3 (Groundball, 34, EV 101.9 MPH) Andy Garvin to second
|
Batting: RHB Andy Bachman
|
0-0: Foul Ball, location: 2F 0-1: Ball 1-1: Ball 2-1: Ball 3-1: Foul Ball, location: 2F 3-2: Foul Ball, location: 2F 3-2: Ground out 4-3 (Groundball, 4, EV 86.9 MPH) Andy Garvin to third
|
Pitching: RHP Davon Ware
|
|
Batting: RHB Carlos Teniente
|
0-0: Ball 1-0: Foul Ball, location: 2F 1-1: Foul Ball, location: 2F 1-2: Foul Ball, location: 2F 1-2: Ball 2-2: SINGLE (Groundball, 6MD, EV 109.4 MPH) Andy Garvin scores
|
Batting: RHB Allen Deschamps
|
0-0: Ball 1-0: Ball 2-0: Foul Ball, location: 2F 2-1: SINGLE (Flyball, 9LS, EV 91.9 MPH) Carlos Teniente to second Runner from 2nd tries for 3rd, SAFE, no throw by RF
|
Batting: RHB Miguel Villanueva
|
0-0: Ball 1-0: Fielders Choice at 2nd, 5-4 (Groundball, 56, EV 88.1 MPH)
|
Top of the 7th over - 1 run, 3 hits, 0 errors, 2 left on base; University of Arizona 3 - University of Toronto 1 |
BOTTOM OF THE 7TH |
University of Toronto Marlies batting - Pitching for University of Arizona Wildcats : RHP Yoshimatsu Sugimoto
|
Pitching: LHP Mitchel Larson
|
|
Pinch Hitting: RHB Jose Argueta
|
0-0: Ball 1-0: Called Strike 1-1: Foul Ball, location: 2F 1-2: Strikes out swinging
|
Pitching: RHP Oscar Cintron
|
|
Pinch Hitting: LHB Chris Williams
|
0-0: Called Strike 0-1: Ball 1-1: Ball 2-1: Ball 3-1: Base on Balls
|
Batting: RHB Rich Thurman
|
0-0: Called Strike 0-1: Ball 1-1: Ball 2-1: SINGLE (Flyball, 78S, EV 94.4 MPH) Chris Williams to second Runner from 2nd tries for 3rd, SAFE, no throw by CF
|
Batting: RHB Leo Gutierrez
|
0-0: Ball 1-0: Ball 2-0: Fielders Choice at 2nd, 1-6 (Groundball, 13, EV 68.1 MPH)
|
Batting: RHB Elijah Hunter
|
0-0: Ball 1-0: Called Strike 1-1: Called Strike 1-2: Strikes out looking
|
Bottom of the 7th over - 0 runs, 1 hit, 0 errors, 2 left on base; University of Arizona 3 - University of Toronto 1 |
TOP OF THE 8TH |
University of Arizona Wildcats batting - Pitching for University of Toronto Marlies : RHP Davon Ware
|
Pitching: LHP Alejandro Rivera
|
|
Now at 1B: Chris Williams
|
|
Now at 2B: Jose Argueta
|
|
Now at SS: Dan Allred
|
|
Batting: RHB Costantino Dolfini
|
0-0: Swinging Strike 0-1: Foul Ball, location: 2F 0-2: Foul Ball, location: 2F 0-2: Ball 1-2: Ball 2-2: Fly out, F8 (Flyball, 8RD, EV 94.4 MPH)
|
Batting: SHB Greg Rivera
|
0-0: Called Strike 0-1: Fly out, F8 (Flyball, 89D, EV 83.1 MPH)
|
Batting: RHB Leo Villa
|
0-0: Ball 1-0: Called Strike 1-1: Ball 2-1: Fly out, F8 (Flyball, 8LD, EV 91.9 MPH)
|
Top of the 8th over - 0 runs, 0 hits, 0 errors, 0 left on base; University of Arizona 3 - University of Toronto 1 |
BOTTOM OF THE 8TH |
University of Toronto Marlies batting - Pitching for University of Arizona Wildcats : RHP Oscar Cintron
|
Pitching: RHP Tyler Tomblin
|
|
Batting: LHB Jonathan Roman
|
0-0: Swinging Strike 0-1: Ground out U3 (Groundball, 34, EV 85.6 MPH)
|
Batting: LHB Marshall Daul
|
0-0: TRIPLE (Groundball, 5L, EV 107.5 MPH)
|
Pinch Hitting: LHB Jonathon Walton
|
0-0: Foul Ball, location: 2F 0-1: Foul Ball, location: 2F 0-2: Ball 1-2: Ground out 4-3 (Groundball, 4, EV 89.4 MPH) Marshall Daul scores
|
Batting: RHB Nate Henderson
|
0-0: Foul Ball, location: 2F 0-1: Ball 1-1: Swinging Strike 1-2: Ground out 6-3 (Groundball, 6S, EV 88.1 MPH)
|
Bottom of the 8th over - 1 run, 1 hit, 0 errors, 0 left on base; University of Arizona 3 - University of Toronto 2 |
TOP OF THE 9TH |
University of Arizona Wildcats batting - Pitching for University of Toronto Marlies : LHP Alejandro Rivera
|
Now at SS: Masaru Konno
|
|
Batting: RHB Andy Garvin
|
0-0: Ball 1-0: Called Strike 1-1: Fly out, F9 (Flyball, 9D, EV 87.5 MPH)
|
Batting: RHB Kevin Steed
|
0-0: Foul Ball, location: 2F 0-1: Ball 1-1: Swinging Strike 1-2: Foul Ball, location: 2F 1-2: Ball 2-2: Strikes out swinging
|
Batting: RHB Andy Bachman
|
0-0: Called Strike 0-1: Ball 1-1: Ball 2-1: Fly out, F7 (Flyball, 7LS, EV 87.5 MPH)
|
Top of the 9th over - 0 runs, 0 hits, 0 errors, 0 left on base; University of Arizona 3 - University of Toronto 2 |
BOTTOM OF THE 9TH |
University of Toronto Marlies batting - Pitching for University of Arizona Wildcats : RHP Tyler Tomblin
|
Pitching: RHP Nam Phong
|
|
Batting: RHB Jose Argueta
|
0-0: Called Strike 0-1: Ball 1-1: Swinging Strike 1-2: SINGLE (Groundball, 6D, EV 99.4 MPH)
|
Batting: LHB Chris Williams
|
0-0: Foul Ball, location: 2F 0-1: Sac Bunt to 3S - play at first, batter OUT! 3-1 Jose Argueta to second
|
Batting: RHB Rich Thurman
|
0-0: Ball 1-0: Ball 2-0: Foul Ball, location: 2F 2-1: Foul Ball, location: 2F 2-2: Ground out U3 (Groundball, 34, EV 106.9 MPH) Jose Argueta to third
|
Batting: RHB Leo Gutierrez
|
0-0: Ball 1-0: Foul Ball, location: 2F 1-1: Swinging Strike 1-2: Ball 2-2: Ball 3-2: Foul Ball, location: 2F 3-2: Foul Ball, location: 2F 3-2: Ground out 5-3 (Groundball, 5L, EV 83.1 MPH)
|
Bottom of the 9th over - 0 runs, 1 hit, 0 errors, 1 left on base; University of Arizona 3 - University of Toronto 2 |
|